Penguins vs Rangers

Created - December 16 2011 at 19:14

Goals
1 2 3 T
Penguins 2 0 1 3
Rangers 0 0 0 0
Shots
1 2 3 T
Penguins 14 7 5 26
Rangers 8 8 8 24

Period #1

1. Penguins , Joe Pavelski 11 (Stephane Robidas, Marc-Andre Fleury) at 4:58 (PP)
2. Penguins , Daniel Sedin 18 (Brad Richards, Stephane Robidas) at 6:49

Penalties :
Jay Bouwmeester (NYR) for Interference (Minor) at 3:22, Blair Betts (PIT) for High sticking (Double Minor) at 17:20

Period #2

No Goal

Penalties :
Lubomir Visnovsky (NYR) for Holding (Minor) at 17:58

Period #3

3. Penguins , Matt Moulson 10 (Steve Montador, Rob Niedermayer) at 12:08

Penalties :
Brooks Orpik (PIT) for Delaying the game (Minor) at 7:25, Andrei Kostitsyn (NYR) for Roughing (Minor) at 9:42, Scott Gomez (NYR) for Holding (Minor) at 12:15, Dan Girardi (PIT) for Interference (Minor) at 19:02

Goalie Stats

Marc-Andre Fleury (PIT), 24 saves from 24 shots - (1.000), W, 11-6-1, 60:00 minutes
Niklas Backstrom (NYR), 23 saves from 26 shots - (0.885), L, 17-15-1, 60:00 minutes

Players Stats

Penguins
Player Name              G  A  P  +/- PIM S  H  SB FO    MP 
------------------------------------------------------------
Alexander Edler          0  0  0   1  0   0  0  1  0/0   23 
Andrew Ference           0  0  0   0  0   0  0  0  0/0   1  
Blair Betts              0  0  0   0  4   0  5  1  3/3   19 
Blake Wheeler            0  0  0   0  0   2  0  0  1/1   5  
Brad Richards            0  1  1   1  0   0  3  0  12/21 23 
Brooks Orpik             0  0  0   1  2   1  0  3  0/0   14 
Cam Fowler               0  0  0   1  0   0  0  0  0/0   16 
Dan Girardi              0  0  0   0  2   2  2  1  0/0   21 
Daniel Sedin             1  0  1   1  0   7  0  0  2/8   21 
Drew Stafford            0  0  0   0  0   2  0  0  0/1   17 
Jason Pominville         0  0  0   1  0   1  2  1  0/2   19 
Joe Pavelski             1  0  1   0  0   4  0  0  8/23  22 
Kris Letang              0  0  0   0  0   3  0  2  0/0   21 
Matt DAgostini           0  0  0   0  0   0  0  0  0/1   4  
Matt Moulson             1  0  1   1  0   2  0  0  1/1   16 
Rob Niedermayer          0  1  1   1  0   0  1  0  7/20  16 
Stephane Robidas         0  2  2   1  0   0  1  0  0/0   22 
Steve Montador           0  1  1   1  0   2  1  0  0/0   14 
Rangers
Player Name              G  A  P  +/- PIM S  H  SB FO    MP 
------------------------------------------------------------
Andrei Kostitsyn         0  0  0  -1  2   2  2  1  0/0   15 
Cal Clutterbuck          0  0  0   0  0   1  0  0  0/0   7  
Dan Cleary               0  0  0  -1  0   2  2  0  0/0   16 
Francis Bouillon         0  0  0  -2  0   0  3  3  0/0   20 
Guillaume Latendresse    0  0  0   0  0   2  1  0  1/1   15 
Henrik Sedin             0  0  0   0  0   1  1  0  11/23 20 
Ian White                0  0  0  -1  0   0  0  1  0/0   17 
Jay Bouwmeester          0  0  0   0  2   0  2  1  0/0   22 
Keith Ballard            0  0  0  -1  0   1  2  3  0/0   18 
Lubomir Visnovsky        0  0  0   0  2   3  1  1  0/0   23 
Mark Recchi              0  0  0  -1  0   2  0  1  1/2   18 
Mike Cammalleri          0  0  0  -1  0   3  0  0  1/3   16 
Mike Weaver              0  0  0   0  0   2  2  1  0/0   18 
Mikko Koivu              0  0  0  -1  0   1  1  0  18/26 17 
Nikolai Kulemin          0  0  0   0  0   3  2  2  0/2   18 
Nikolai Zherdev          0  0  0   0  0   0  0  0  0/1   8  
Scott Gomez              0  0  0  -1  2   1  0  0  10/15 18 
Tom Pyatt                0  0  0   0  0   0  0  0  5/8   7  

3 Stars

1 - Marc-Andre Fleury (PIT)
2 - Stephane Robidas (PIT)
3 - Daniel Sedin (PIT)

Power Play

Penguins - 1 on 4 Attempt(s) - 25.00%
Rangers - 0 on 4 Attempt(s) - 0.00%

Penalty Kill

Penguins - 4 on 4 Attempt(s) - 100.00% - Score 0 goal in Penalty Kill
Rangers - 3 on 4 Attempt(s) - 75.00% - Score 0 goal in Penalty Kill

Game Notes

No Game Note

Finance

Level 1 -- Attendance: 3800 (58.46%) -- Ticket Income $475,000.00
Level 2 -- Attendance: 2933 (58.66%) -- Ticket Income $219,975.00
Level 3 -- Attendance: 1786 (51.03%) -- Ticket Income $89,300.00
Level 4 -- Attendance: 1847 (83.95%) -- Ticket Income $46,175.00
Luxury Box -- Attendance: 555 (55.50%) -- Ticket Income $138,750.00
Game was played at the Madison Square Garden
Total Attendance: 10921 (60.01%)
Total Ticket Income: $1,051,759.00
Other Income: $217,235.40
Total Income: $1,268,994.00


Play by Play

Period #1

0:01 of 1st period - Brad Richards wins face-off versus Mikko Koivu in neutral zone.
0:24 of 1st period - Shot by Daniel Sedin.
0:24 of 1st period - Stopped by Niklas Backstrom without a rebound.
0:25 of 1st period - Joe Pavelski wins face-off versus Henrik Sedin in Rangers zone.
0:25 of 1st period - Kris Letang is hit by Mike Weaver and loses puck.
1:26 of 1st period - Shot by Daniel Sedin.
1:26 of 1st period - Stopped by Niklas Backstrom without a rebound.
1:27 of 1st period - Mikko Koivu wins face-off versus Rob Niedermayer in Rangers zone.
1:35 of 1st period - Icing by Cam Fowler.
1:36 of 1st period - Mark Recchi wins face-off versus Rob Niedermayer in Penguins zone.
1:42 of 1st period - Off-side.
1:43 of 1st period - Brad Richards wins face-off versus Mikko Koivu in neutral zone.
2:01 of 1st period - Daniel Sedin is hit by Lubomir Visnovsky and loses puck.
2:06 of 1st period - Shot by Daniel Sedin.
2:06 of 1st period - Stopped by Niklas Backstrom without a rebound.
2:07 of 1st period - Scott Gomez wins face-off versus Rob Niedermayer in Rangers zone.
2:07 of 1st period - Francis Bouillon is hit by Steve Montador and loses puck.
2:21 of 1st period - Cam Fowler is hit by Francis Bouillon and loses puck.
2:39 of 1st period - Off-side.
2:40 of 1st period - Tom Pyatt wins face-off versus Joe Pavelski in neutral zone.
2:49 of 1st period - Shot by Cal Clutterbuck.
2:49 of 1st period - Shot Misses the Net.
2:51 of 1st period - Shot by Nikolai Zherdev.
2:51 of 1st period - Shot Misses the Net.
3:00 of 1st period - Off-side.
3:01 of 1st period - Mike Cammalleri wins face-off versus Brad Richards in neutral zone.
3:17 of 1st period - Off-side.
3:18 of 1st period - Rob Niedermayer wins face-off versus Henrik Sedin in neutral zone.
3:22 of 1st period - Minor Penalty to Jay Bouwmeester for Interference.
3:23 of 1st period - Scott Gomez wins face-off versus Joe Pavelski in Rangers zone.
3:56 of 1st period - Shot by Kris Letang.
3:56 of 1st period - Stopped by Niklas Backstrom with a rebound.
3:58 of 1st period - Shot by Blake Wheeler.
3:58 of 1st period - Stopped by Niklas Backstrom without a rebound.
3:59 of 1st period - Scott Gomez wins face-off versus Brad Richards in Rangers zone.
4:42 of 1st period - Shot by Dan Girardi.
4:42 of 1st period - Stopped by Niklas Backstrom without a rebound.
4:43 of 1st period - Joe Pavelski wins face-off versus Nikolai Kulemin in Rangers zone.
4:44 of 1st period - Shot by Kris Letang.
4:44 of 1st period - Shot Misses the Net.
4:46 of 1st period - Shot by Blake Wheeler.
4:46 of 1st period - Stopped by Niklas Backstrom without a rebound.
4:47 of 1st period - Henrik Sedin wins face-off versus Joe Pavelski in Rangers zone.
4:58 of 1st period - Shot by Joe Pavelski.
4:58 of 1st period - Goal by Joe Pavelski - Penguins : 1 - Rangers : 0.
4:59 of 1st period - Mikko Koivu wins face-off versus Rob Niedermayer in neutral zone.
6:16 of 1st period - Shot by Joe Pavelski.
6:16 of 1st period - Shot Misses the Net.
6:24 of 1st period - Shot by Kris Letang.
6:24 of 1st period - Stopped by Niklas Backstrom without a rebound.
6:25 of 1st period - Scott Gomez wins face-off versus Brad Richards in Rangers zone.
6:25 of 1st period - Scott Gomez is hit by Brad Richards.
6:28 of 1st period - Icing by Andrei Kostitsyn.
6:29 of 1st period - Scott Gomez wins face-off versus Daniel Sedin in Rangers zone.
6:29 of 1st period - Scott Gomez is hit by Brad Richards.
6:47 of 1st period - Shot by Brad Richards.
6:47 of 1st period - Shot Misses the Net.
6:49 of 1st period - Shot by Daniel Sedin.
6:49 of 1st period - Goal by Daniel Sedin - Penguins : 2 - Rangers : 0.
6:50 of 1st period - Mikko Koivu wins face-off versus Joe Pavelski in neutral zone.
7:14 of 1st period - Lubomir Visnovsky is hit by Blair Betts and loses puck.
7:51 of 1st period - Shot by Andrei Kostitsyn.
7:51 of 1st period - Stopped by Marc-Andre Fleury without a rebound.
7:52 of 1st period - Brad Richards wins face-off versus Henrik Sedin in Penguins zone.
7:52 of 1st period - Brad Richards is hit by Nikolai Kulemin.
8:14 of 1st period - Guillaume Latendresse is hit by Brad Richards and loses puck.
8:44 of 1st period - Icing by Mike Weaver.
8:45 of 1st period - Henrik Sedin wins face-off versus Rob Niedermayer in Rangers zone.
9:05 of 1st period - Off-side.
9:06 of 1st period - Mikko Koivu wins face-off versus Rob Niedermayer in neutral zone.
9:14 of 1st period - Off-side.
9:15 of 1st period - Rob Niedermayer wins face-off versus Scott Gomez in neutral zone.
9:53 of 1st period - Shot by Mark Recchi.
9:53 of 1st period - Stopped by Marc-Andre Fleury without a rebound.
9:54 of 1st period - Mikko Koivu wins face-off versus Joe Pavelski in Penguins zone.
9:54 of 1st period - Mikko Koivu is hit by Dan Girardi.
10:01 of 1st period - Mikko Koivu is hit by Dan Girardi and loses puck.
10:10 of 1st period - Shot by Kris Letang.
10:10 of 1st period - Stopped by Niklas Backstrom without a rebound.
10:11 of 1st period - Tom Pyatt wins face-off versus Daniel Sedin in Rangers zone.
10:36 of 1st period - Shot by Matt Moulson.
10:36 of 1st period - Shot Hit the Post.
10:38 of 1st period - Shot by Brooks Orpik.
10:38 of 1st period - Stopped by Niklas Backstrom without a rebound.
10:39 of 1st period - Joe Pavelski wins face-off versus Henrik Sedin in Rangers zone.
10:39 of 1st period - Joe Pavelski is hit by Mike Weaver.
11:05 of 1st period - Icing by Dan Girardi.
11:06 of 1st period - Scott Gomez wins face-off versus Joe Pavelski in Penguins zone.
11:40 of 1st period - Jason Pominville is hit by Keith Ballard and loses puck.
11:49 of 1st period - Shot by Brad Richards.
11:49 of 1st period - Shot Misses the Net.
12:00 of 1st period - Jason Pominville is hit by Keith Ballard and loses puck.
12:24 of 1st period - Off-side.
12:25 of 1st period - Mikko Koivu wins face-off versus Rob Niedermayer in neutral zone.
12:28 of 1st period - Matt Moulson is hit by Mikko Koivu and loses puck.
12:52 of 1st period - Shot by Mikko Koivu.
12:52 of 1st period - Stopped by Marc-Andre Fleury without a rebound.
12:53 of 1st period - Henrik Sedin wins face-off versus Joe Pavelski in Penguins zone.
13:00 of 1st period - Shot by Guillaume Latendresse.
13:00 of 1st period - Stopped by Marc-Andre Fleury without a rebound.
13:01 of 1st period - Joe Pavelski wins face-off versus Tom Pyatt in Penguins zone.
14:48 of 1st period - Icing by Alexander Edler.
14:49 of 1st period - Mikko Koivu wins face-off versus Brad Richards in Penguins zone.
15:48 of 1st period - Shot by Andrei Kostitsyn.
15:48 of 1st period - Stopped by Marc-Andre Fleury with a rebound.
15:50 of 1st period - Shot by Mark Recchi.
15:50 of 1st period - Stopped by Marc-Andre Fleury without a rebound.
15:51 of 1st period - Joe Pavelski wins face-off versus Henrik Sedin in Penguins zone.
15:58 of 1st period - Shot by Drew Stafford.
15:58 of 1st period - Stopped by Niklas Backstrom without a rebound.
15:59 of 1st period - Joe Pavelski wins face-off versus Scott Gomez in Rangers zone.
16:06 of 1st period - Shot by Drew Stafford.
16:06 of 1st period - Shot Misses the Net.
16:10 of 1st period - Shot by Drew Stafford.
16:10 of 1st period - Deflect By Joe Pavelski.
16:10 of 1st period - Stopped by Niklas Backstrom without a rebound.
16:11 of 1st period - Brad Richards wins face-off versus Nikolai Kulemin in Rangers zone.
17:09 of 1st period - Shot by Joe Pavelski.
17:09 of 1st period - Shot Blocked by Andrei Kostitsyn.
17:18 of 1st period - Francis Bouillon is hit by Blair Betts and loses puck.
17:20 of 1st period - Double Minor Penalty to Blair Betts for High sticking.
17:21 of 1st period - Brad Richards wins face-off versus Mikko Koivu in Penguins zone.
18:00 of 1st period - Shot by Mike Cammalleri.
18:00 of 1st period - Stopped by Marc-Andre Fleury without a rebound.
18:01 of 1st period - Daniel Sedin wins face-off versus Henrik Sedin in Penguins zone.
18:45 of 1st period - Shot by Lubomir Visnovsky.
18:45 of 1st period - Stopped by Marc-Andre Fleury without a rebound.
18:46 of 1st period - Daniel Sedin wins face-off versus Mikko Koivu in Penguins zone.
19:55 of 1st period - Icing by Ian White.
19:56 of 1st period - Henrik Sedin wins face-off versus Daniel Sedin in Rangers zone.

Period #2

0:01 of 2nd period - Mikko Koivu wins face-off versus Daniel Sedin in neutral zone.
0:10 of 2nd period - Shot by Dan Cleary.
0:10 of 2nd period - Shot Blocked by Alexander Edler.
0:12 of 2nd period - Shot by Mike Cammalleri.
0:12 of 2nd period - Shot Misses the Net.
0:14 of 2nd period - Shot by Mikko Koivu.
0:14 of 2nd period - Shot Misses the Net.
0:16 of 2nd period - Shot by Lubomir Visnovsky.
0:16 of 2nd period - Shot Misses the Net.
0:20 of 2nd period - Shot by Lubomir Visnovsky.
0:20 of 2nd period - Stopped by Marc-Andre Fleury without a rebound.
0:21 of 2nd period - Brad Richards wins face-off versus Henrik Sedin in Penguins zone.
0:36 of 2nd period - Shot by Nikolai Kulemin.
0:36 of 2nd period - Shot Misses the Net.
0:46 of 2nd period - Shot by Daniel Sedin.
0:46 of 2nd period - Stopped by Niklas Backstrom without a rebound.
0:47 of 2nd period - Mikko Koivu wins face-off versus Daniel Sedin in Rangers zone.
1:37 of 2nd period - Shot by Matt Moulson.
1:37 of 2nd period - Stopped by Niklas Backstrom with a rebound.
1:41 of 2nd period - Shot by Steve Montador.
1:41 of 2nd period - Stopped by Niklas Backstrom without a rebound.
1:42 of 2nd period - Brad Richards wins face-off versus Scott Gomez in Rangers zone.
1:45 of 2nd period - Shot by Daniel Sedin.
1:45 of 2nd period - Shot Misses the Net.
2:03 of 2nd period - Shot by Daniel Sedin.
2:03 of 2nd period - Stopped by Niklas Backstrom without a rebound.
2:04 of 2nd period - Tom Pyatt wins face-off versus Joe Pavelski in Rangers zone.
2:04 of 2nd period - Tom Pyatt is hit by Blair Betts.
2:39 of 2nd period - Drew Stafford is hit by Jay Bouwmeester and loses puck.
2:54 of 2nd period - Lubomir Visnovsky is hit by Rob Niedermayer and loses puck.
3:14 of 2nd period - Icing by Matt Moulson.
3:15 of 2nd period - Scott Gomez wins face-off versus Rob Niedermayer in Penguins zone.
4:30 of 2nd period - Icing by Brooks Orpik.
4:31 of 2nd period - Henrik Sedin wins face-off versus Rob Niedermayer in Penguins zone.
4:34 of 2nd period - Shot by Guillaume Latendresse.
4:34 of 2nd period - Stopped by Marc-Andre Fleury without a rebound.
4:35 of 2nd period - Brad Richards wins face-off versus Henrik Sedin in Penguins zone.
5:12 of 2nd period - Shot by Henrik Sedin.
5:12 of 2nd period - Shot Blocked by Jason Pominville.
5:40 of 2nd period - Shot by Andrei Kostitsyn.
5:40 of 2nd period - Shot Misses the Net.
5:50 of 2nd period - Shot by Drew Stafford.
5:50 of 2nd period - Shot Misses the Net.
5:56 of 2nd period - Shot by Drew Stafford.
5:56 of 2nd period - Shot Misses the Net.
6:00 of 2nd period - Shot by Joe Pavelski.
6:00 of 2nd period - Shot Blocked by Mark Recchi.
6:04 of 2nd period - Shot by Drew Stafford.
6:04 of 2nd period - Shot Blocked by Keith Ballard.
6:06 of 2nd period - Shot by Dan Girardi.
6:06 of 2nd period - Stopped by Niklas Backstrom with a rebound.
6:10 of 2nd period - Shot by Joe Pavelski.
6:10 of 2nd period - Shot Misses the Net.
6:22 of 2nd period - Mark Recchi is hit by Jason Pominville and loses puck.
6:39 of 2nd period - Jason Pominville is hit by Francis Bouillon.
7:06 of 2nd period - Icing by Kris Letang.
7:07 of 2nd period - Mikko Koivu wins face-off versus Joe Pavelski in Penguins zone.
7:59 of 2nd period - Kris Letang is hit by Guillaume Latendresse and loses puck.
8:20 of 2nd period - Shot by Nikolai Kulemin.
8:20 of 2nd period - Stopped by Marc-Andre Fleury without a rebound.
8:21 of 2nd period - Rob Niedermayer wins face-off versus Nikolai Zherdev in Penguins zone.
8:38 of 2nd period - Shot by Steve Montador.
8:38 of 2nd period - Shot Blocked by Lubomir Visnovsky.
9:37 of 2nd period - Shot by Daniel Sedin.
9:37 of 2nd period - Shot Misses the Net.
9:39 of 2nd period - Shot by Stephane Robidas.
9:39 of 2nd period - Shot Hit the Post.
9:43 of 2nd period - Shot by Daniel Sedin.
9:43 of 2nd period - Shot Blocked by Nikolai Kulemin.
9:45 of 2nd period - Shot by Jason Pominville.
9:45 of 2nd period - Shot Blocked by Mike Weaver.
9:53 of 2nd period - Shot by Brad Richards.
9:53 of 2nd period - Shot Blocked by Ian White.
11:38 of 2nd period - Shot by Mark Recchi.
11:38 of 2nd period - Shot Misses the Net.
11:40 of 2nd period - Shot by Keith Ballard.
11:40 of 2nd period - Stopped by Marc-Andre Fleury without a rebound.
11:41 of 2nd period - Tom Pyatt wins face-off versus Rob Niedermayer in Penguins zone.
11:48 of 2nd period - Lubomir Visnovsky is hit by Blair Betts and loses puck.
13:58 of 2nd period - Icing by Nikolai Zherdev.
13:59 of 2nd period - Joe Pavelski wins face-off versus Mike Cammalleri in Rangers zone.
14:42 of 2nd period - Shot by Mark Recchi.
14:42 of 2nd period - Shot Misses the Net.
15:08 of 2nd period - Shot by Mike Cammalleri.
15:08 of 2nd period - Shot Misses the Net.
15:12 of 2nd period - Shot by Cal Clutterbuck.
15:12 of 2nd period - Shot Misses the Net.
15:16 of 2nd period - Shot by Cal Clutterbuck.
15:16 of 2nd period - Shot Misses the Net.
15:21 of 2nd period - Icing by Alexander Edler.
15:22 of 2nd period - Henrik Sedin wins face-off versus Joe Pavelski in Penguins zone.
15:36 of 2nd period - Shot by Nikolai Kulemin.
15:36 of 2nd period - Stopped by Marc-Andre Fleury without a rebound.
15:37 of 2nd period - Mikko Koivu wins face-off versus Rob Niedermayer in Penguins zone.
17:40 of 2nd period - Icing by Brooks Orpik.
17:41 of 2nd period - Henrik Sedin wins face-off versus Rob Niedermayer in Penguins zone.
17:42 of 2nd period - Shot by Nikolai Kulemin.
17:42 of 2nd period - Stopped by Marc-Andre Fleury with a rebound.
17:44 of 2nd period - Shot by Henrik Sedin.
17:44 of 2nd period - Shot Misses the Net.
17:50 of 2nd period - Shot by Henrik Sedin.
17:50 of 2nd period - Stopped by Marc-Andre Fleury without a rebound.
17:51 of 2nd period - Mikko Koivu wins face-off versus Matt DAgostini in Penguins zone.
17:52 of 2nd period - Shot by Mike Cammalleri.
17:52 of 2nd period - Stopped by Marc-Andre Fleury without a rebound.
17:53 of 2nd period - Blake Wheeler wins face-off versus Mikko Koivu in Penguins zone.
17:53 of 2nd period - Blake Wheeler is hit by Dan Cleary.
17:58 of 2nd period - Minor Penalty to Lubomir Visnovsky for Holding.
17:59 of 2nd period - Joe Pavelski wins face-off versus Henrik Sedin in Rangers zone.
17:59 of 2nd period - Kris Letang is hit by Jay Bouwmeester and loses puck.
18:28 of 2nd period - Shot by Blake Wheeler.
18:28 of 2nd period - Shot Misses the Net.
19:17 of 2nd period - Icing by Brad Richards.
19:18 of 2nd period - Brad Richards wins face-off versus Mark Recchi in Penguins zone.
19:46 of 2nd period - Shot by Drew Stafford.
19:46 of 2nd period - Stopped by Niklas Backstrom without a rebound.
19:47 of 2nd period - Blair Betts wins face-off versus Henrik Sedin in Rangers zone.
19:48 of 2nd period - Shot by Stephane Robidas.
19:48 of 2nd period - Shot Misses the Net.
19:52 of 2nd period - Shot by Joe Pavelski.
19:52 of 2nd period - Stopped by Niklas Backstrom without a rebound.
19:53 of 2nd period - Henrik Sedin wins face-off versus Joe Pavelski in Rangers zone.

Period #3

0:01 of 3rd period - Mikko Koivu wins face-off versus Brad Richards in neutral zone.
0:20 of 3rd period - Shot by Mike Cammalleri.
0:20 of 3rd period - Shot Misses the Net.
1:15 of 3rd period - Kris Letang is hit by Henrik Sedin and loses puck.
1:34 of 3rd period - Shot by Drew Stafford.
1:34 of 3rd period - Shot Blocked by Jay Bouwmeester.
2:02 of 3rd period - Shot by Matt Moulson.
2:02 of 3rd period - Shot Blocked by Keith Ballard.
2:10 of 3rd period - Shot by Matt Moulson.
2:10 of 3rd period - Shot Blocked by Keith Ballard.
2:14 of 3rd period - Shot by Steve Montador.
2:14 of 3rd period - Shot Misses the Net.
2:18 of 3rd period - Shot by Steve Montador.
2:18 of 3rd period - Deflect By Matt Moulson.
2:18 of 3rd period - Shot Misses the Net.
2:49 of 3rd period - Icing by Andrei Kostitsyn.
2:50 of 3rd period - Scott Gomez wins face-off versus Joe Pavelski in Rangers zone.
3:24 of 3rd period - Shot by Jay Bouwmeester.
3:24 of 3rd period - Shot Blocked by Dan Girardi.
4:02 of 3rd period - Shot by Daniel Sedin.
4:02 of 3rd period - Deflect By Jason Pominville.
4:02 of 3rd period - Stopped by Niklas Backstrom with a rebound.
4:14 of 3rd period - Icing by Alexander Edler.
4:15 of 3rd period - Mikko Koivu wins face-off versus Jason Pominville in Penguins zone.
4:15 of 3rd period - Mikko Koivu is hit by Stephane Robidas.
4:36 of 3rd period - Icing by Dan Cleary.
4:37 of 3rd period - Matt Moulson wins face-off versus Mikko Koivu in Rangers zone.
4:46 of 3rd period - Brooks Orpik is hit by Dan Cleary and loses puck.
5:21 of 3rd period - Icing by Francis Bouillon.
5:22 of 3rd period - Scott Gomez wins face-off versus Joe Pavelski in Rangers zone.
5:32 of 3rd period - Mark Recchi is hit by Blair Betts and loses puck.
5:41 of 3rd period - Shot by Joe Pavelski.
5:41 of 3rd period - Shot Misses the Net.
6:11 of 3rd period - Alexander Edler is hit by Andrei Kostitsyn and loses puck.
6:17 of 3rd period - Icing by Jason Pominville.
6:18 of 3rd period - Henrik Sedin wins face-off versus Jason Pominville in Penguins zone.
6:48 of 3rd period - Henrik Sedin is hit by Jason Pominville and loses puck.
7:25 of 3rd period - Minor Penalty to Brooks Orpik for Delaying the game.
7:26 of 3rd period - Mikko Koivu wins face-off versus Brad Richards in Penguins zone.
7:31 of 3rd period - Shot by Lubomir Visnovsky.
7:31 of 3rd period - Deflect By Dan Cleary.
7:31 of 3rd period - Stopped by Marc-Andre Fleury without a rebound.
7:32 of 3rd period - Mikko Koivu wins face-off versus Brad Richards in Penguins zone.
7:39 of 3rd period - Shot by Mike Cammalleri.
7:39 of 3rd period - Deflect By Mikko Koivu.
7:39 of 3rd period - Shot Misses the Net.
7:43 of 3rd period - Shot by Lubomir Visnovsky.
7:43 of 3rd period - Stopped by Marc-Andre Fleury without a rebound.
7:44 of 3rd period - Guillaume Latendresse wins face-off versus Daniel Sedin in Penguins zone.
8:31 of 3rd period - Shot by Mike Cammalleri.
8:31 of 3rd period - Stopped by Marc-Andre Fleury without a rebound.
8:32 of 3rd period - Brad Richards wins face-off versus Mikko Koivu in Penguins zone.
8:49 of 3rd period - Shot by Francis Bouillon.
8:49 of 3rd period - Shot Blocked by Kris Letang.
8:51 of 3rd period - Shot by Dan Cleary.
8:51 of 3rd period - Shot Blocked by Kris Letang.
8:55 of 3rd period - Shot by Dan Cleary.
8:55 of 3rd period - Shot Misses the Net.
8:59 of 3rd period - Shot by Mikko Koivu.
8:59 of 3rd period - Deflect By Mike Cammalleri.
8:59 of 3rd period - Shot Misses the Net.
9:01 of 3rd period - Shot by Lubomir Visnovsky.
9:01 of 3rd period - Shot Misses the Net.
9:42 of 3rd period - Minor Penalty to Andrei Kostitsyn for Roughing.
9:43 of 3rd period - Henrik Sedin wins face-off versus Joe Pavelski in Rangers zone.
10:41 of 3rd period - Shot by Daniel Sedin.
10:41 of 3rd period - Stopped by Niklas Backstrom with a rebound.
10:45 of 3rd period - Shot by Daniel Sedin.
10:45 of 3rd period - Shot Blocked by Nikolai Kulemin.
11:44 of 3rd period - Matt Moulson is hit by Francis Bouillon.
11:50 of 3rd period - Shot by Steve Montador.
11:50 of 3rd period - Stopped by Niklas Backstrom with a rebound.
12:02 of 3rd period - Shot by Steve Montador.
12:02 of 3rd period - Shot Blocked by Francis Bouillon.
12:06 of 3rd period - Shot by Matt Moulson.
12:06 of 3rd period - Deflect By Steve Montador.
12:06 of 3rd period - Shot Misses the Net.
12:08 of 3rd period - Shot by Matt Moulson.
12:08 of 3rd period - Goal by Matt Moulson - Penguins : 3 - Rangers : 0.
12:09 of 3rd period - Rob Niedermayer wins face-off versus Tom Pyatt in neutral zone.
12:15 of 3rd period - Minor Penalty to Scott Gomez for Holding.
12:16 of 3rd period - Brad Richards wins face-off versus Henrik Sedin in Rangers zone.
14:20 of 3rd period - Off-side.
14:21 of 3rd period - Rob Niedermayer wins face-off versus Tom Pyatt in neutral zone.
14:34 of 3rd period - Shot by Cal Clutterbuck.
14:34 of 3rd period - Deflect By Nikolai Zherdev.
14:34 of 3rd period - Shot Blocked by Brooks Orpik.
14:38 of 3rd period - Shot by Cal Clutterbuck.
14:38 of 3rd period - Shot Blocked by Brooks Orpik.
14:42 of 3rd period - Shot by Lubomir Visnovsky.
14:42 of 3rd period - Shot Blocked by Brooks Orpik.
14:44 of 3rd period - Shot by Nikolai Zherdev.
14:44 of 3rd period - Shot Misses the Net.
14:46 of 3rd period - Shot by Tom Pyatt.
14:46 of 3rd period - Deflect By Cal Clutterbuck.
14:46 of 3rd period - Stopped by Marc-Andre Fleury without a rebound.
14:47 of 3rd period - Scott Gomez wins face-off versus Joe Pavelski in Penguins zone.
14:54 of 3rd period - Shot by Mark Recchi.
14:54 of 3rd period - Deflect By Scott Gomez.
14:54 of 3rd period - Stopped by Marc-Andre Fleury without a rebound.
14:55 of 3rd period - Rob Niedermayer wins face-off versus Scott Gomez in Penguins zone.
15:01 of 3rd period - Icing by Matt Moulson.
15:02 of 3rd period - Mikko Koivu wins face-off versus Rob Niedermayer in Penguins zone.
15:06 of 3rd period - Icing by Brooks Orpik.
15:07 of 3rd period - Rob Niedermayer wins face-off versus Scott Gomez in Penguins zone.
15:07 of 3rd period - Rob Niedermayer is hit by Andrei Kostitsyn.
16:04 of 3rd period - Shot by Drew Stafford.
16:04 of 3rd period - Shot Blocked by Francis Bouillon.
16:06 of 3rd period - Shot by Blair Betts.
16:06 of 3rd period - Shot Misses the Net.
16:08 of 3rd period - Shot by Blair Betts.
16:08 of 3rd period - Shot Blocked by Francis Bouillon.
16:10 of 3rd period - Shot by Blair Betts.
16:10 of 3rd period - Shot Misses the Net.
16:12 of 3rd period - Shot by Blair Betts.
16:12 of 3rd period - Shot Misses the Net.
16:14 of 3rd period - Shot by Joe Pavelski.
16:14 of 3rd period - Stopped by Niklas Backstrom without a rebound.
16:15 of 3rd period - Brad Richards wins face-off versus Mike Cammalleri in Rangers zone.
17:00 of 3rd period - Icing by Alexander Edler.
17:01 of 3rd period - Henrik Sedin wins face-off versus Brad Richards in Penguins zone.
17:51 of 3rd period - Icing by Alexander Edler.
17:52 of 3rd period - Tom Pyatt wins face-off versus Brad Richards in Penguins zone.
18:49 of 3rd period - Shot by Scott Gomez.
18:49 of 3rd period - Shot Misses the Net.
18:59 of 3rd period - Shot by Scott Gomez.
18:59 of 3rd period - Shot Misses the Net.
19:01 of 3rd period - Shot by Scott Gomez.
19:01 of 3rd period - Shot Blocked by Blair Betts.
19:02 of 3rd period - Minor Penalty to Dan Girardi for Interference.
19:03 of 3rd period - Mikko Koivu wins face-off versus Drew Stafford in Penguins zone.
19:06 of 3rd period - Shot by Mikko Koivu.
19:06 of 3rd period - Deflect By Dan Cleary.
19:06 of 3rd period - Stopped by Marc-Andre Fleury without a rebound.
19:07 of 3rd period - Blair Betts wins face-off versus Henrik Sedin in Penguins zone.
19:07 of 3rd period - Blair Betts is hit by Nikolai Kulemin.
19:43 of 3rd period - Shot by Mike Weaver.
19:43 of 3rd period - Stopped by Marc-Andre Fleury with a rebound.
19:45 of 3rd period - Shot by Mike Weaver.
19:45 of 3rd period - Shot Misses the Net.
19:47 of 3rd period - Shot by Mike Weaver.
19:47 of 3rd period - Stopped by Marc-Andre Fleury without a rebound.
19:48 of 3rd period - Blair Betts wins face-off versus Mikko Koivu in Penguins zone.


Output by the SimonT Hockey Simulator (STHS) for Stephane Roy -- Original Page W3C XHTML 1.0 Valid